Map: Bridgehead LE (Void)

Players

wabbajack

  • Race: Zerg Zerg
  • League: Gold

cALpiCo - Winner!

  • Race: Zerg Zerg
  • League: Gold

VOD

Have the link to the VOD?

Description

Time

  • Played on: July 20, 2015, 9:37 a.m.
  • Length: 5:55
Show
View Real Time Build Order
Export as new Build Order

wabbajack Zerg 

Build Orders: Hatch First 

Get SALT Encoding   

  12  0:01  Drone  
  13  0:09  Drone  
  14  0:19  Overlord  
  14  0:25  Extractor  
  14  0:26  Drone, Extractor  
  13  0:30  Drone  
  16  0:38  Drone  
  17  0:57  Hatchery  
  17  0:59  Drone  
  17  1:00  Extractor  
  17  1:02  Drone  
  17  1:06  Drone  
  18  1:24  Spawning Pool  
  17  1:29  Drone x2  
  19  1:39  Overlord  
  19  2:05  Drone x2  
  21  2:11  Metabolic Boost, Queen  
  21  2:12  Queen  
  25  2:20  Drone x2  
  25  2:21  Drone  
  28  2:23  Drone  
  29  2:31  Drone  
  30  2:37  Roach Warren  
  30  2:41  Spine Crawler  
  28  2:46  Drone  
  28  2:47  Drone  
  30  2:57  Overlord x2  
  30  3:27  Roach  
  30  3:28  Roach x5  
  30  3:30  Overlord  
  30  3:34  Roach x3  
  48  3:52  Roach x2  
  52  4:09  Overlord x2, Spine Crawler  
  51  4:10  Zergling x6  
  51  4:11  Zergling x2  
  51  4:16  Overlord x2  
  55  4:39  Zergling x2  
  55  4:40  Zergling x22  
  67  4:59  Zergling x2  
  68  5:00  Zergling x6  
Show
View Real Time Build Order
Export as new Build Order

cALpiCo Zerg - Winner!

Build Orders: Hatch First 

Get SALT Encoding   

  12  0:01  Drone  
  13  0:08  Drone  
  14  0:17  Overlord  
  14  0:21  Extractor  
  14  0:23  Drone  
  15  0:38  Drone  
  16  0:53  Hatchery  
  15  1:02  Drone  
  15  1:03  Drone  
  17  1:12  Spawning Pool  
  17  1:13  Drone  
  17  1:20  Drone  
  17  1:24  Drone  
  19  1:28  Extractor  
  18  1:35  Drone  
  19  1:45  Overlord  
  19  1:59  Queen  
  21  2:05  Queen  
  21  2:06  Zergling x4  
  21  2:08  Drone  
  26  2:17  Drone  
  26  2:19  Drone  
  28  2:27  Drone  
  28  2:28  Metabolic Boost  
  29  2:35  Queen  
  31  2:42  Queen  
  33  2:45  Overlord  
  33  2:48  Drone  
  33  2:51  Drone  
  35  2:55  Drone  
  36  3:01  Baneling Nest  
  36  3:02  Drone  
  37  3:05  Drone  
  37  3:07  Drone  
  37  3:22  Drone x6  
  37  3:26  Overlord  
  44  3:34  Zergling x2  
  44  3:45  Drone x2  
  45  3:51  Drone  
  46  4:04  Drone x6  
  46  4:07  Roach Warren  
  51  4:11  Hatchery, Spine Crawler  
  51  4:16  Zergling x4  
  52  4:17  Spine Crawler  
  52  4:21  Overlord  
  52  4:23  Zergling x2  
  52  4:27  Spine Crawler, Zergling x2  
  52  4:28  Overlord  
  52  4:39  Queen  
  52  4:40  Zergling x12  
  52  4:45  Spine Crawler, Zergling x2  
  59  4:47  Queen  
  62  4:58  Extractor  
  62  4:59  Extractor  
  60  5:04  Zergling x2  
  60  5:05  Zergling x14  
  60  5:06  Overlord  
  68  5:09  Overlord  
  67  5:29  Drone, Roach x7  
Tags
 
Add a new tag
Caveats
  • Supply blocks, unpowered buildings, or Contaminate may cause inaccurate times.
  • Supply counts are checked every 10 seconds.